[Event "Sardinia World Festival-A 2024"]
[Site "Orosei"]
[Date "2024.04.30"]
[Round "4.32"]
[White "Tsiapko, Andrii"]
[Black "Ibrayev, Nurlan"]
[Result "0-1"]
[ECO "A70"]
[WhiteElo "2048"]
[BlackElo "2368"]
[Annotator "TA"]
[PlyCount "120"]
[EventDate "2024.04.26"]
[EventType "swiss"]
[EventCountry "ITA"]
[SourceTitle "playchess.com"]
[Source "ChessBase"]
[SourceQuality "1"]
[TimeControl "40/5400+30:1800+30"]

1. d4 Nf6 2. c4 e6 3. Nf3 c5 4. d5 d6 5. Nc3 exd5 6. cxd5 g6 7. h3 Bg7 8. e4 O-O 9. Bd3 a6 10. a4 Re8 11. O-O Nh5 {[%emt 0:00:03] A70: Modern Benoni: 6 e4 g6 7 Nf3.} 12. Bg5 Bf6 13. Bh6 Nd7 14. Re1 Rb8 {[%emt 0:02:28] has lost popularity (14...Ne5).} 15. a5 b6 16. axb6 Rxb6 17. Qc1 $146 ({Predecessor:} 17. Ra2 Ne5 18. Be2 Rb4 19. Nxe5 Rxe5 20. Bxa6 Bxh3 21. gxh3 Bg5 22. Bxg5 Rxg5+ 23. Kf1 {1-0 Mamedyarov,S (2738)-Andreikin,D (2729) ChessKid Cup Div 2 L rapid 2023 (5.2)}) 17... Ne5 18. Be2 Nxf3+ 19. Bxf3 Ng7 20. Bf4 Be5 21. Bxe5 Rxe5 22. Be2 g5 (22... Qh4 $11 {was preferrable.}) 23. Ra2 (23. Bf1 $16) 23... Ne8 (23... Qe7 $11) 24. f4 (24. Bc4 $16) 24... gxf4 $11 25. Qxf4 Qf6 26. Rf1 Qxf4 (26... Kg7 {feels hotter.} 27. Bc4 Qxf4 28. Rxf4 f5) 27. Rxf4 Re7 28. g4 (28. Bc4 $14) 28... Kg7 29. Kf1 Nf6 30. Ke1 Rb4 31. Bxa6 Nxe4 32. Nxe4 Rexe4+ (32... Rbxe4+ 33. Rxe4 Rxe4+ 34. Kf2 $17) 33. Rxe4 Rxe4+ 34. Kf2 Bd7 35. Bb7 (35. b3 $11 {keeps the balance.}) 35... Bb5 $1 $17 36. Ba6 Ba4 $1 37. Bb7 (37. Ra3 $15) 37... Rd4 (37... Kf6 $142 {...Bc2 is the strong threat.} 38. Bc6 Bc2) 38. Ra3 (38. Ke3 $142) 38... Rb4 $17 39. Ke3 Bc2 (39... Rxb2 40. Rxa4 Rxb7 41. Ra6 $11) 40. Bc8 (40. Ba8 $142) 40... Rb8 $19 (40... Rxb2 41. Ra6 $17) 41. Bf5 $2 (41. Ba6) 41... Bxf5 $19 (41... Rxb2 42. Bxc2 Rxc2 43. Ra6 $11) 42. gxf5 Kf6 (42... Rxb2 43. Ra6 $15) 43. Ra7 Rxb2 44. Rd7 Ke5 (44... Kxf5 45. Rxd6 h5 46. Rc6 $11) 45. Re7+ Kf6 46. Rd7 Rb6 (46... Kxf5 47. Rxd6 Rb3+ 48. Kd2 $15) 47. Ke4 $2 (47. Kd3) 47... h5 $19 48. Kf4 Rb4+ 49. Ke3 Ke5 (49... Kxf5 50. Rxd6 Re4+ 51. Kd3 $15) 50. Rxf7 Rb3+ (50... Kxd5 51. Re7 $11) 51. Ke2 Kxd5 $2 (51... Rxh3 $19 {and Black stays clearly on top.} 52. f6 Rh2+ (52... Kxd5 53. Re7 $11) 53. Ke3 Rh4 (53... Kxd5 54. Re7 $11) 54. Re7+ Kxf6 55. Re6+ Kf5 56. Rxd6 Ke5) 52. Re7 $17 Rg3 (52... Rxh3 $6 53. f6 Rh4 54. Kf3 $11) ({Black should play} 52... Kc6 $17 53. f6 Rb8 (53... Rxh3 $2 54. f7 $18)) 53. h4 $11 c4 54. Kf2 $2 (54. f6 $11 {and White has nothing to worry.} Rg4 55. Ke3 (55. f7 Rf4 $11)) 54... Rg4 $19 55. Ke3 {[%emt 0:01:30] [#]} c3 $1 (55... Rxh4 56. f6 Rh1 57. Ke2 Rh2+ 58. Ke3 Rh3+ 59. Kf2 $11) 56. f6 $2 {[%emt 0:02:08] [#]} (56. Kd3 $19 Rg3+ (56... Rxh4 $2 57. Kxc3 Rf4 58. Kd2 $19) 57. Ke2) 56... Rc4 $1 (56... Rxh4 57. f7 c2 58. Rc7 Re4+ (58... Rc4 59. Rxc4 Kxc4 60. Kd2 c1=R 61. Kxc1 Kd5 62. f8=Q h4 63. Qh6) 59. Kf3 $11) 57. f7 c2 $1 (57... Rxh4 58. f8=Q (58. f8=R Rh3+ 59. Rf3 Rh1 $18) 58... Rh3+ 59. Ke2 Rh2+ 60. Kd3 Rh3+ 61. Kc2 (61. Re3 Rxe3+ 62. Kxe3 Ke6 63. Qh6+ Kf5 64. Qxh5+ Ke6 65. Kd4 c2 66. Qg6+ Ke7) 61... Rh4 62. Qf5+ (62. Kxc3 Rc4+ 63. Kb3 Rg4 64. Qa8+ Kd4 65. Qc6 Rg3+ 66. Kb4 Rb3+ 67. Kxb3 h4 68. Qxd6#) 62... Kc4 63. Qd3+ Kc5 64. Rc7+ (64. Kxc3 d5 65. Re5 Kb6 66. Rxd5 Kc7 67. Rc5+ Kb7 68. Qb5+ Ka7 69. Rc7+ Ka8 70. Qe8#) 64... Kb4 65. Qxd6+ (65. Qxc3+ Kb5 66. Qc6+ Ka5 67. Ra7+ Kb4 68. Ra4#) 65... Ka4 66. Qc6+ (66. Kxc3 Rh3+ 67. Kc2 Rh2+ 68. Qxh2 Kb4 69. Qd6+ Ka4 70. Qa6+ Kb4 71. Rc4#) 66... Kb4 67. Qc5+ Ka4 68. Ra7#) 58. f8=Q c1=Q+ (58... c1=B+ 59. Ke2 Re4+ 60. Rxe4 Kxe4 61. Qf3+ (61. Qxd6 Bf4 62. Qd3+ Ke5 63. Qg6 Kd5 64. Qd3+ Ke6 65. Qg6+ Kd5 66. Qd3+ Ke6) 61... Kd4 62. Qd3+ (62. Qxh5 Bf4 $18) 62... Ke5 63. Qc3+ Ke6 64. Qxc1) 59. Kd3 Rc3+ ({Not} 59... Rxh4 60. Qg8+ Kc5 61. Rc7+ Kb4 62. Rb7+ (62. Rxc1 Rh3+ 63. Kd4 Rh4+ 64. Kd5 Rh2 65. Rc4+ Ka3 66. Qg3+ Kb2 67. Qxh2+ Ka3 68. Qc2 h4 69. Ra4#) 62... Kc5 63. Qc8+ (63. Rc7+ Kb4 64. Rb7+ Kc5 65. Qc8+ Kd5 66. Qf5+ Kc6 67. Qb5#) 63... Kd5 64. Qf5+ Kc6 65. Qb5#) 60. Ke2 Rc2+ 0-1

[Event "Sardinia World Festival-A 2024"]
[Site "Orosei"]
[Date "2024.04.30"]
[Round "4.33"]
[White "Dalaud, Dorian"]
[Black "Samunenkov, Ihor"]
[Result "1/2-1/2"]
[ECO "B11"]
[WhiteElo "2307"]
[BlackElo "2548"]
[Annotator "TA"]
[PlyCount "170"]
[EventDate "2024.04.26"]
[EventType "swiss"]
[EventCountry "ITA"]
[SourceTitle "playchess.com"]
[Source "ChessBase"]
[SourceQuality "1"]
[TimeControl "40/5400+30:1800+30"]

1. e4 c6 2. Nf3 d5 3. Nc3 dxe4 4. Nxe4 Nf6 5. Qe2 Na6 6. a3 {[%emt 0:01:27] B11: Caro-Kann: Two Knights Variation.} Nc7 7. d4 $146 ({Predecessor:} 7. d3 Ne6 8. g3 g6 9. Bg2 Bg7 10. O-O Nxe4 11. Qxe4 O-O 12. Re1 a5 13. Rb1 Re8 14. Bd2 Nd4 15. Nxd4 Bxd4 16. Bc3 Bg7 {½-½ Reimann,S (2342)-Vetoshko,V (2499) Bayern-chI Bank Hofmann 26th 2023 (5)}) 7... Nxe4 8. Qxe4 Qd5 9. Qxd5 Nxd5 10. Bd3 Bg4 11. Ng5 e6 12. Ne4 Bf5 13. O-O O-O-O 14. Re1 h6 15. Bf1 g5 16. g3 Be7 17. Bg2 Kc7 18. Bd2 Rd7 19. Rac1 Kb8 20. c4 Nb6 21. c5 Nd5 22. Nd6 Bxd6 23. cxd6 Rxd6 24. Bxd5 Rxd5 25. f3 Rh7 26. Bc3 h5 27. Re5 Rd8 28. Rf1 Rg8 29. Bd2 f6 30. Ree1 Rd7 31. Bc3 Rg6 32. Re3 Rd5 33. Rfe1 a5 34. Kg2 g4 35. Rf1 a4 36. Rf2 Rg7 37. Kg1 b6 38. Kg2 Kb7 39. fxg4 hxg4 40. Rf4 Rg6 41. Re1 Ka6 42. Re2 Kb5 43. Re1 Rd7 44. Re2 Ka6 45. Kg1 Kb7 46. Re1 Kc7 47. Re2 Rd5 48. Re1 Kd7 49. Ref1 Ke7 50. Bb4+ Kd8 51. Re1 Rd7 52. Re3 Kc7 53. Bc3 Rd5 54. Re1 $1 Rg7 55. Re3 Kb7 (55... Rh7 $17 56. Re2 Rh8) 56. Re1 (56. Kg2 $1 $11) 56... Ka6 57. Re3 Kb5 58. Re1 Rg6 (58... Rg5 $17 59. Ref1 Ka6) 59. Re3 (59. Kg2 $1 $11 {was the only way to keep the balance.}) 59... c5 (59... Ka6 $17 60. Re1 Rg8) 60. dxc5 $11 bxc5 61. Re1 Rd3 62. Re2 Rh6 63. Ref2 Rd7 64. Bd2 Rh5 65. Bc3 $1 Rh6 (65... Rd1+ $15 66. Rf1 Rxf1+ 67. Rxf1 e5) 66. Bd2 $11 Rg6 67. Bc3 Rd3 68. Re2 c4 (68... Rd1+ $15 69. Kg2 Rc1) 69. Re1 $11 Kc5 70. Re2 {[%emt 0:00:00] [#]} (70. Bb4+ $11 Kd5 71. Bc3) 70... Kd5 (70... Rd1+ $1 $17 71. Kg2 Kd5) 71. Re1 $11 Rh6 72. Ref1 Kc5 73. R1f2 Kb5 74. Rf1 Rd7 75. R1f2 Rf7 76. Bd2 Rh8 77. Bc3 Rg8 78. Rf1 Rc8 79. R1f2 Rc6 80. Rd2 Kb6 81. Rdf2 Kb7 82. Rd2 Kc8 83. Rdd4 Rfc7 84. Rd2 Rf7 85. Rdd4 Rfc7 1/2-1/2

[Event "Sardinia World Festival-A 2024"]
[Site "Orosei"]
[Date "2024.04.30"]
[Round "4.34"]
[White "Krivenko, Dion"]
[Black "Carnicelli, Valerio"]
[Result "1-0"]
[ECO "B57"]
[WhiteElo "2254"]
[BlackElo "2413"]
[Annotator "RC"]
[PlyCount "119"]
[EventDate "2024.04.26"]
[EventType "swiss"]
[EventCountry "ITA"]
[SourceTitle "playchess.com"]
[Source "ChessBase"]
[SourceQuality "1"]
[TimeControl "40/5400+30:1800+30"]

1. e4 c5 2. Nc3 Nc6 3. Nge2 d6 4. d4 cxd4 5. Nxd4 Nf6 6. Bc4 Qb6 7. Nb3 e6 8. Be3 Qc7 9. Qe2 a6 10. O-O-O b5 11. Bd3 Ne5 12. Kb1 Bd7 13. Ka1 Rc8 14. f4 Nc4 15. Bc1 b4 16. Nb1 e5 17. f5 h5 18. c3 a5 19. cxb4 axb4 20. Bg5 Ba4 21. N1d2 Nxd2 22. Rxd2 Qb6 23. Rc2 Ra8 24. Be3 Qb8 25. Ba6 Bd7 26. Rhc1 Be7 27. Rc7 O-O 28. Rb7 Qe8 29. Rcc7 Rxa6 30. Qxa6 Bc8 31. Qa7 Bxb7 32. Qxb7 Bd8 33. Rc4 d5 34. exd5 e4 35. Bc5 e3 36. Bxf8 Kxf8 37. Qxb4+ Kg8 38. d6 Kh7 39. Rc1 Qe5 40. Qd4 Qxh2 41. Qxe3 Qxd6 42. Qd2 Qb6 43. Qd4 Qb8 44. Qc4 Qb7 45. Nd4 Bb6 46. Qc6 Qb8 47. Nf3 Be3 48. Qc7 Qb5 49. Re1 Bh6 50. Qxf7 Qxf5 51. Qe6 Qf4 52. Qe5 Qg4 53. Qe2 Qf5 54. Ne5 g6 55. Qd3 Qg5 56. Qc2 Bg7 57. a4 Qg3 58. Qxg6+ Qxg6 59. Nxg6 Kxg6 60. a5 1-0

[Event "Sardinia World Festival-A 2024"]
[Site "Orosei"]
[Date "2024.04.30"]
[Round "4.35"]
[White "Lumachi, Gabriele"]
[Black "Kalosha, Zhiulien Oleksii"]
[Result "1-0"]
[ECO "B40"]
[WhiteElo "2413"]
[BlackElo "2306"]
[Annotator "TA"]
[PlyCount "113"]
[EventDate "2024.04.26"]
[EventType "swiss"]
[EventCountry "ITA"]
[SourceTitle "playchess.com"]
[Source "ChessBase"]
[SourceQuality "1"]
[TimeControl "40/5400+30:1800+30"]

1. e4 c5 2. Nf3 e6 3. d3 Nc6 4. g3 a6 5. Bg2 b5 6. O-O Bb7 7. a4 Nf6 8. Nbd2 Be7 9. Ng5 d5 10. f4 h6 11. Nh3 c4 12. e5 Nd7 13. Nf3 Qb6+ 14. d4 O-O-O 15. Be3 Kb8 16. axb5 axb5 17. c3 g6 18. Qe2 Kc7 19. g4 h5 20. gxh5 Rxh5 21. Nfg5 Rdh8 22. f5 $2 (22. Nxf7 Rxh3 23. Nxh8 Rxh8 $17) (22. Qf3 $16 {and life is bright.}) 22... gxf5 $17 23. Rxf5 Rxh3 24. Nxh3 exf5 25. Nf4 Kc8 $1 26. Nxd5 (26. Bxd5 $2 Bg5 27. Bf3 Ne7 $19) 26... Qd8 27. Bf4 Nf8 28. Bg3 Bh4 (28... Ne6 $17 {Strongly threatening ...Kb8.} 29. Nxe7+ Nxe7) 29. Ne3 $1 $15 Bxg3 (29... f4 $5 30. Bxf4 Rg8 $17) 30. hxg3 Qg5 (30... Nxd4 $5 31. Qf2 f4 (31... Bxg2 $2 32. Qxg2 $18) 32. cxd4 Qxd4 (32... fxe3 33. Bxb7+ Kxb7 34. Qxf7+ Nd7 35. Qd5+ Kb6 36. Qe6+ Kb7 37. Qa6+ Kc7 38. Qxb5 $11) 33. Qxf4 Qb6 $17) 31. Qf3 Nd8 32. d5 $2 (32. Qxf5+ $6 Nfe6 33. Qxg5 Nxg5 $14) (32. Ra8+ $11 {and White has nothing to worry.} Bxa8 33. Qxa8+ Kd7 34. Nd5) 32... Nd7 ({Black should play} 32... Ng6 $19 {Threatens to win with ...f4.} 33. Qxf5+ Qxf5 34. Nxf5 Kb8 (34... Nxe5 $2 35. Ra5 $19)) 33. Nxf5 (33. Qf4 $17 Qe7 34. Ra5 Qxe5 (34... Nxe5 35. d6 $15) 35. Nxf5) 33... Nxe5 $19 34. Qf2 Nd3 35. Qd4 Qxf5 36. Qxh8 {[%emt 0:00:19] [#]} Qf2+ $1 (36... Nxb2 $2 37. Bh3 $18) 37. Kh1 Qxg3 (37... Nxb2 38. Bh3+ f5 39. Qe5 Qf3+ 40. Kg1 $14) 38. Rf1 Nf4 (38... Nxb2 39. Rxf7 Qg5 40. Rg7 Qc1+ 41. Kh2 Qf4+ 42. Kh1 Qc1+ 43. Kh2 Qf4+ 44. Kh1 Qc1+ $11) 39. Be4 Nxd5 40. Qh5 Qd6 $2 (40... Ne3 $19 41. Bxb7+ Nxb7) 41. Rd1 $14 f5 (41... Nf4 $1 $14 42. Qg4+ (42. Qxb5 {leads to mate.} Bxe4+ 43. Kh2 Nd3+) (42. Bxb7+ Kc7 $11) 42... Qe6 (42... f5 $2 43. Qxf5+ Qe6 44. Bxb7+ Kxb7 45. Qxf4 $18) 43. Bxb7+ (43. Qxf4 $2 Bxe4+ 44. Kh2 Nb7 $19) 43... Nxb7 44. Qxf4 Nc5) 42. Qxf5+ $16 (42. Bxf5+ Kc7 43. Be4 Nf6 44. Rxd6 Bxe4+ (44... Nxh5 $2 45. Bxb7 Kxd6 46. Ba6 $19) 45. Kh2 Nxh5 $19) 42... Qe6 43. Qxe6+ ({But not} 43. Rxd5 $6 Qxf5 44. Bxf5+ Kc7 $11) 43... Nxe6 44. Bxd5 Nf4 45. Bxb7+ Kxb7 46. Kh2 Kb6 $2 {[%emt 0:01:21][%mdl 8192] [#]} (46... Kc6 $16 47. Kg3 Nd5) 47. Kg3 $1 Nd3 48. b4 Nb2 49. Rd2 Na4 50. Rc2 Kc6 51. Kf4 Kd5 52. Kf5 Kd6 53. Ke4 Ke6 54. Kd4 Kd6 55. Ra2 Nb6 56. Ra6 Kc6 57. Rxb6+ 1-0

[Event "Sardinia World Festival-A 2024"]
[Site "Orosei"]
[Date "2024.04.30"]
[Round "4.36"]
[White "Favaloro, Andrea"]
[Black "Andreev, Konstantin"]
[Result "1/2-1/2"]
[ECO "B22"]
[WhiteElo "2412"]
[BlackElo "2244"]
[Annotator "TA"]
[PlyCount "52"]
[EventDate "2024.04.26"]
[EventType "swiss"]
[EventCountry "ITA"]
[SourceTitle "playchess.com"]
[Source "ChessBase"]
[SourceQuality "1"]
[TimeControl "40/5400+30:1800+30"]

1. e4 c5 2. Nf3 e6 3. c3 d5 4. exd5 Qxd5 5. d4 Nf6 6. Na3 cxd4 7. Nb5 Qd8 8. Nbxd4 ({Much worse is} 8. Nfxd4 a6 9. Na3 e5 $15) 8... a6 9. Bf4 Nd5 10. Be5 {[%emt 0:02:58] White is more active. White is slightly better.} Nd7 11. Bg3 b5 {[%emt 0:08:25] Wards off Bc4} 12. Bd3 Bb7 13. Qe2 Be7 14. O-O O-O 15. Rad1 Qb6 16. Rfe1 Rfe8 17. Ne5 Nxe5 18. Bxe5 Nf6 19. Bc2 Rad8 20. Qd3 {[%emt 0:04:23] [#] aiming for Bxf6.} g6 21. Qg3 Bd6 22. Qg5 Bxe5 23. Qxe5 Nd5 (23... Ng4 $11 24. Qg5 e5) 24. h4 (24. a4 $1 $14) 24... Qd6 $11 {The position is equal.} 25. Qxd6 Rxd6 26. a4 b4 {[%emt 0:46:45] Weighted Error Value: White=0.07 (flawless) /Black=0.07 (flawless) .  Mistake:       	White=1     	Black=1      Inaccurate:     	White=1     	Black=2      OK:         	White=7     	Black=10     Best:        	---       	Black=1} 1/2-1/2

[Event "Sardinia World Festival-A 2024"]
[Site "Orosei"]
[Date "2024.04.30"]
[Round "4.37"]
[White "Kochavi, Ori"]
[Black "Loftgaard, Mikkel Vinh"]
[Result "0-1"]
[ECO "D02"]
[WhiteElo "2406"]
[BlackElo "2227"]
[Annotator "TA"]
[PlyCount "98"]
[EventDate "2024.04.26"]
[EventType "swiss"]
[EventCountry "ITA"]
[SourceTitle "playchess.com"]
[Source "ChessBase"]
[SourceQuality "1"]
[TimeControl "40/5400+30:1800+30"]

1. d4 Nf6 2. Nf3 d5 3. Bf4 e6 4. e3 c5 5. Nbd2 Nc6 6. c3 cxd4 7. exd4 Nh5 8. Be3 Bd6 {[%emt 0:00:10] [#]} 9. Ne5 $1 {[%emt 0:00:11] The position is equal.} g6 10. g4 Ng7 11. h4 Nxe5 12. dxe5 Bxe5 13. Nf3 Bd6 14. h5 gxh5 15. Bb5+ (15. Qd4 $11 f6 16. Nh4) 15... Bd7 $15 16. Qd4 Rg8 (16... f6 $15 17. Bxd7+ Qxd7) 17. Bd3 $11 ({Avoid the trap} 17. Bg5 $2 Qb6 18. Bxd7+ Kxd7 $17) 17... hxg4 18. Bxh7 Nf5 19. Bxf5 gxf3 20. Rh8 (20. Bh7 $5 Rf8 (20... e5 $2 21. Qxd5 Bc6 22. Qc4 $18) 21. O-O-O $11) 20... Rf8 21. Bd3 Bc6 22. O-O-O (22. Rxf8+ $1 $11 {keeps the balance.} Bxf8 23. O-O-O) 22... Rxh8 $1 $17 ({Wrong is} 22... e5 $2 23. Rxf8+ Kxf8 24. Qg4 $16) 23. Qxh8+ Kd7 24. Qg7 {[%emt 0:01:23] [#]} Qf8 $1 25. Qh7 Qg8 {[%emt 0:00:00] Against Bg6} 26. Qh1 (26. Rh1 $17 {was called for.}) 26... Qg7 $19 27. Bd4 e5 28. Be3 Qf6 29. Qh3+ (29. Bc2 $17) 29... Kc7 30. Bc2 Rh8 31. Qg4 Bd7 32. Qg1 Bc6 $2 ({Better is} 32... Qe6 $17 {Hoping for ...Bc6.} 33. Qg7 Rh2) 33. Bb3 $2 (33. Qg4 $1 $11) 33... Qg6 (33... Qe6 $19 {Strongly threatening ...b6.} 34. Qf1 Be7) 34. Qxg6 $17 fxg6 35. Bxd5 Bxd5 36. Rxd5 {[%emt 0:00:06][%cal Od5d1][%mdl 4096] Endgame. KRB-KRB} Rh1+ 37. Kd2 Kc6 38. Ra5 {[%emt 0:00:04] [#]} (38. c4 $142) 38... a6 ({Black should play} 38... Rg1 $1 39. Kd3 g5) 39. Ra4 Rg1 {[%emt 0:00:00] Dodges Rg4. Black is more active.} 40. Rh4 g5 41. Rh6 b5 42. b3 $1 e4 43. c4 (43. Rg6 $1 $11) 43... bxc4 (43... Kd7 $17 {And now ...Bf4 would win.} 44. Rh7+ Kd8 45. Rh8+ Ke7 46. Rh7+ Kf6 47. Rh6+ Ke7 48. Rh7+ Ke6) 44. bxc4 $11 Kd7 {[%emt 0:00:16] ...Bf4 is the strong threat.} 45. c5 $2 {[%emt 0:02:24][%mdl 8192] Now White is beyond hope.} (45. Rh7+ $11 Ke6 46. c5) 45... Bf4 $19 {[%emt 0:01:10] aiming for ...Bxe3+.} 46. Rxa6 Rf1 47. Bxf4 gxf4 48. Rf6 Rxf2+ 49. Kd1 e3 {[%emt 0:04:34] Weighted Error Value: White=0.73/Black=0.20 (precise) .  Loses game:     	White=2     	---        Mistake:       	White=6     	Black=5      Inaccurate:     	White=1     	Black=4      OK:         	White=14    	Black=15     Best:        	White=3     	Black=4      Strong:       	White=1     	Black=2} 0-1

[Event "Sardinia World Festival-A 2024"]
[Site "Orosei"]
[Date "2024.04.30"]
[Round "4.38"]
[White "Balabayeva, Xeniya"]
[Black "Di Benedetto, Edoardo"]
[Result "0-1"]
[ECO "D00"]
[WhiteElo "2248"]
[BlackElo "2400"]
[Annotator "TA"]
[PlyCount "74"]
[EventDate "2024.04.26"]
[EventType "swiss"]
[EventCountry "ITA"]
[SourceTitle "playchess.com"]
[Source "ChessBase"]
[SourceQuality "1"]
[TimeControl "40/5400+30:1800+30"]

1. d4 d5 2. Bf4 Nf6 3. e3 c5 4. dxc5 e6 5. b4 Be7 6. c3 a5 7. Nd2 Nc6 8. Bb5 (8. a3 $14) 8... O-O $11 9. Bxc6 bxc6 10. Ne2 Ba6 11. O-O Nd7 12. a4 Bf6 {[%emt 0:10:20] Inhibits Nd4. Strongly threatening ...axb4.} 13. Ra3 e5 14. Bg3 {[%emt 0:01:08] [#]} d4 15. Ne4 (15. exd4 $11 exd4 16. b5 (16. cxd4 axb4 17. Re3 Bg5 $17) 16... dxc3 17. bxa6 (17. Nxc3 cxb5 18. axb5 Bxc3 $14) 17... cxd2 18. Bd6) 15... dxc3 $15 16. b5 cxb5 17. axb5 Bxb5 {[%emt 0:00:42][%cal Od7c5] And now ...Nxc5! would win.} 18. Qc2 {[%emt 0:06:12] [#]} (18. Rxc3 $15 Nxc5 19. Rxc5 Qxd1 20. Rxd1 Bxe2 21. Rd2) 18... Nxc5 $1 $17 19. Nxc5 Qd2 {[%emt 0:00:13] Against Rc1} 20. Qxc3 Qxe2 $40 {[%emt 0:00:48][%mdl 128] Black attacks with force.} 21. Re1 {[%emt 0:00:35] [#] Now White is beyond hope.} (21. Rb1 $17) 21... e4 $1 $19 22. Qc1 {[%emt 0:01:49] [#]} (22. Nxe4 Bxc3 23. Rxe2) (22. Rxe2 Bxc3) 22... Bb2 $1 {[%emt 0:01:59] A strong pair of Bishops. White is weak on the light squares. Black is clearly winning.} 23. Qb1 Bxa3 24. Rxe2 Bxe2 25. Qa2 Bxc5 26. Qxe2 Rfc8 27. h4 a4 28. Be5 a3 {[%emt 0:01:58] ...a2 would now be deadly.} 29. Qa2 Be7 30. h5 Rc1+ 31. Kh2 Rc5 32. Bd4 Rxh5+ 33. Kg3 Rg5+ 34. Kf4 Rxg2 35. Kxe4 Rg6 36. f4 Bf6 37. Bc5 {[%emt 0:02:16] [#]} Rg2 $3 {[%emt 0:42:10][%mdl 512] Weighted Error Value: White=0.67/Black=0.17 (very precise) .  Mistake:       	White=5     	Black=1      Inaccurate:     	White=1     	Black=1      OK:         	White=6     	Black=11     Best:        	White=1     	---        Strong:       	---       	Black=1      Brilliant:      	---       	Black=2} 0-1

[Event "Sardinia World Festival-A 2024"]
[Site "Orosei"]
[Date "2024.04.30"]
[Round "4.39"]
[White "Maldonado Gonzales, Stefano"]
[Black "Vantika Agrawal"]
[Result "0-1"]
[ECO "B62"]
[WhiteElo "2218"]
[BlackElo "2398"]
[Annotator "TA"]
[PlyCount "116"]
[EventDate "2024.04.26"]
[EventType "swiss"]
[EventCountry "ITA"]
[SourceTitle "playchess.com"]
[Source "ChessBase"]
[SourceQuality "1"]
[TimeControl "40/5400+30:1800+30"]

1. e4 c5 2. Nf3 d6 3. d4 cxd4 4. Nxd4 Nf6 5. Nc3 Nc6 6. Bg5 e6 7. Qd3 Bd7 8. O-O-O a6 9. f4 Be7 10. Nf3 Qa5 11. Kb1 Rc8 {[%emt 0:06:50] The position is equal.} 12. Qd2 (12. Bxf6 {looks sharper.} Nb4 13. Qd2 Bxf6 14. e5) 12... b5 ({Better is} 12... O-O $11) 13. Bxf6 (13. e5 {keeps more tension.} b4 14. exf6 bxc3 15. fxg7 Rg8 16. Qxc3 Qxc3 17. bxc3 Rxg7 18. Bxe7 Kxe7 19. Nh4) 13... gxf6 14. Bd3 h5 (14... Nb4 $5) 15. Ne2 (15. Qe3 $14) 15... Qxd2 $11 16. Rxd2 Na5 17. b3 Nb7 18. c4 b4 19. Bc2 Nc5 20. Re1 Kd8 21. f5 e5 22. Nc1 Bc6 23. Rde2 Kc7 24. Nd3 a5 25. Nxc5 dxc5 26. Nd2 Bf8 27. Nf1 Bh6 28. Rd1 h4 29. Ne3 Bxe3 30. Rxe3 Rcg8 31. Rd2 Rg4 32. Rf2 (32. Ree2 $15) 32... Rhg8 {[%emt 0:00:14] White is weak on the dark squares} 33. Ree2 Rd8 34. h3 Rg3 {[%emt 0:00:59] Black is more active.} 35. Rf3 {[%emt 0:02:59] [#]} (35. Kc1 $17) 35... Rxf3 $1 $19 36. gxf3 {[%emt 0:00:01][%mdl 4096] Endgame. [#] KRB-KRB} Rg8 {[%emt 0:00:19] Prevents Rg2. ...Rg3 is the strong threat.} 37. Bd1 Rg1 38. Kc2 (38. Kc1 $19) 38... Rh1 $17 39. Rg2 (39. Kd2 $17 {might work better.}) 39... Rxh3 $19 40. Rg7 Rh2+ 41. Kb1 $2 (41. Kd3) 41... Be8 42. Rh7 a4 {[%emt 0:01:34] aiming for ...a3.} 43. Rh8 $2 (43. Kc1) 43... Bd7 (43... a3 $142 44. Rxe8 Rb2+ 45. Kc1 Rxa2) 44. Kc1 Rxa2 45. bxa4 Kd6 $2 (45... Bxa4 $19 {has better winning chances.} 46. Bxa4 Rxa4 47. Rxh4 Kd6) 46. Bb3 $2 {[%emt 0:00:00][%mdl 8192] This move loses the game for White.} (46. Rxh4 $17 Bxa4 47. Kb1) 46... Ra3 {[%emt 0:00:31] Black is clearly winning.} 47. Kb2 Bxa4 48. Bxa4 Rxa4 49. Rxh4 {[%emt 0:00:00] KR-KR} Ra3 50. Rh8 Rc3 ({Not} 50... Rxf3 51. Rd8+ Ke7 52. Rd5 $17) 51. Rb8 Ke7 ({Weaker is} 51... Rxf3 52. Rb6+ Ke7 53. Rb7+ Kd8 (53... Kf8 54. Rb8+ Kg7 55. Rc8 $17) 54. Rxf7 $17) 52. Rb7+ Kf8 53. Rb8+ Kg7 54. Rc8 Rxc4 {[%emt 0:00:05] Threatens to win with ...Kh6.} 55. Kb3 Rc3+ 56. Ka4 b3 {[%emt 0:00:14][%cal Oc5c4] Strongly threatening ...c4!} 57. Ka3 c4 58. Kb4 Rc2 {[%emt 0:00:12] Weighted Error Value: White=0.79/Black=0.21 (precise) .  Loses game:     	White=1     	---        Missed win:     	---       	Black=1      Mistake:       	White=7     	Black=2      Inaccurate:     	White=6     	Black=3      OK:         	White=9     	Black=13     Best:        	---       	Black=5} 0-1